 Dungeon Crawl Stone Soup version 0.27-b1-41-gafb5482f4b (webtiles) character file.

Game seed: 7958265099175100844

234 horus123 the Firebug (level 6, -4/41 HPs)
             Began as a Human Fire Elementalist on July 28, 2021.
             Was a Follower of Vehumet.
             Slain by an orc (5 damage)
             ... on level 4 of the Dungeon.
             The game lasted 00:23:48 (3390 turns).

horus123 the Firebug (Human Fire Elementalist)      Turns: 3390, Time: 00:23:49

Health: -4/41      AC:  3    Str:  8    XL:     6   Next: 26%
Magic:  0/11       EV: 12    Int: 18    God:    Vehumet [*.....]
Gold:   188        SH:  0    Dex: 13    Spells: 0/11 levels left

rFire    . . .     SeeInvis .   b - +4 hunting sling
rCold    . . .     Faith    .   (no shield)
rNeg     . . .     Spirit   .   a - +0 robe
rPois    .         Reflect  .   (no helmet)
rElec    .         Harm     .   g - +0 cloak
rCorr    .         Rampage  .   (no gloves)
Will     .....                  (no boots)
Stlth    ++........             f - amulet of regeneration
HPRegen  1.13/turn              (no ring)
MPRegen  0.12/turn              (no ring)

@: lethally poisoned (-4 -> -6), very slightly contaminated
A: no striking features
a: Renounce Religion


You were on level 4 of the Dungeon.
You worshipped Vehumet.
Vehumet was aware of your devotion.
You visited 1 branch of the dungeon, and saw 4 of its levels.

You collected 188 gold pieces.

Inventory:

Hand Weapons
 b - a +4 hunting sling (weapon)
Missiles
 c - 44 stones (quivered ammo)
 k - a throwing net
Armour
 a - a +0 robe (worn)
 g - a +0 cloak (worn)
Jewellery
 f - an amulet of regeneration (around neck)
Scrolls
 e - a scroll of immolation
 j - a scroll of torment
 o - 2 scrolls of vulnerability
Potions
 d - 3 potions of curing
 i - 3 potions of might {unknown}
 q - a potion of brilliance {unknown}


   Skills:
 + Level 0.2 Fighting
 + Level 2.9 Slings
 + Level 2.2 Dodging
 + Level 2.4 Stealth
 * Level 3.4 Spellcasting
 + Level 1.7 Conjurations
 + Level 4.0 Fire Magic


You couldn't memorise any spells.
You knew the following spells:

 Your Spells              Type           Power      Damage    Failure   Level
a - Foxfire               Conj/Fire      52%        2x1d6     4%          1
b - Conjure Flame         Conj/Fire      13%        6-21      14%         3
c - Inner Flame           Hex/Fire       10%        N/A       21%         3
d - Apportation           Tloc           6%         N/A       16%         1
e - Summon Small Mammal   Summ           12%        N/A       16%         1
f - Corona                Hex            3%         N/A       16%         1
g - Sandblast             Erth           6%         2d5       16%         1

Your spell library contained the following spells:

 Spells                   Type           Power      Damage    Failure   Level
 Animate Skeleton         Necr           6%         N/A       16%         1
 Sticky Flame             Conj/Fire      13%        2d4       43%         4
 Fireball                 Conj/Fire      6%         3d5       80%         5


Dungeon Overview and Level Annotations

Branches:
Dungeon (4/15)
 Temple: D:4-7

Altars:
Makhleb
Vehumet


Message History

Casting: Foxfire (safe; 4% risk of failure)
Confirm with . or Enter, or press ? or * to list all spells.
Aiming: Sandblast (safe; 16% risk of failure)
Press: ? - help, Shift-Dir - straight line, f/p - killer bee
Aim: a killer bee (severely wounded, ally target, 55% to hit)
The blast of sand misses the killer bee.
c - 45 stones The foxfire hits the killer bee.
The killer bee is almost dead.
The foxfire hits the killer bee.
The killer bee is almost dead.
The killer bee misses you. The orc closely misses you.
The killer bee stings you.
Casting: Sandblast (safe; 16% risk of failure)
Confirm with . or Enter, or press ? or * to list all spells.
Aiming: Sandblast (safe; 16% risk of failure)
Press: ? - help, Shift-Dir - straight line, f/p - killer bee
Aim: a killer bee (almost dead, 55% to hit)
You miscast Sandblast.
You are very lightly contaminated with residual magic.
Nothing appears to happen.
The killer bee stings you!
* * * LOW HITPOINT WARNING * * *
The orc misses you. The killer bee stings you!
* * * LOW HITPOINT WARNING * * *
You are poisoned.
The killer bee poisons you!
Casting: Sandblast (safe; 16% risk of failure)
Confirm with . or Enter, or press ? or * to list all spells.
Aiming: Sandblast (safe; 16% risk of failure)
Press: ? - help, Shift-Dir - straight line, f/p - killer bee
Aim: a killer bee (almost dead, 55% to hit)
The blast of sand hits the killer bee but does no damage.
The killer bee is almost dead.
c - 44 stones
* * * LOW HITPOINT WARNING * * *
You feel very sick. The killer bee stings you.
* * * LOW HITPOINT WARNING * * *
The orc hits you with a +0 whip.
You die...

.###### #....###.......##
.## #...>##....#....#
..## #....##...###...#
...# ####....##...# #...#
##+###..'....>#...# #...#
.....####.....#...# #...#
.....####.....#...# #...#
##'##'....###.#...# #...#
..#..#....# #.#.@.# #...#
#'#..#....###.#.yo# #...#
..#..#....'...#...# #...#
..'..'....#####...# #...#
..#..#....# #...# #...#
#'#..##...# #...# #...#
..#..##...#####...# #...#
##+##'....'...##'#####+##
.....#....####.........#


You could see a killer bee and an orc.

Vanquished Creatures
  A scorpion (D:4)
  An orc priest (D:4)
  A bullfrog skeleton (D:4)
  3 gnolls (D:2)
  5 adders
  An adder skeleton (D:4)
  2 worms (D:2)
  5 orcs
  4 bats
  6 endoplasms
  3 giant cockroaches
  2 goblins
  2 hobgoblins (D:3)
  5 jackals
  2 quokkas
  2 ball pythons
  3 frilled lizards
  5 kobolds
  4 rats
57 creatures vanquished.

Vanquished Creatures (collateral kills)
  An orc (D:4)
1 creature vanquished.

Vanquished Creatures (others)
  122 foxfires
122 creatures vanquished.

Grand Total: 180 creatures vanquished

Notes
Turn   | Place    | Note
-------+----------+-------------------------------------------
     0 | D:1      | horus123 the Human Fire Elementalist began the quest for
                  | the Orb.
     0 | D:1      | Reached XP level 1. HP: 13/13 MP: 3/3
   192 | D:1      | Reached XP level 2. HP: 14/19 MP: 0/5
   311 | D:1      | Found a faded altar of an unknown god.
  1343 | D:2      | Reached XP level 3. HP: 24/24 MP: 3/6
  1600 | D:2      | Learned a level 3 spell: Conjure Flame
  1735 | D:2      | Reached XP level 4. HP: 30/30 MP: 1/7
  2011 | D:3      | Learned a level 3 spell: Inner Flame
  2013 | D:3      | Found a radiant altar of Vehumet.
  2039 | D:3      | Became a worshipper of Vehumet
  2249 | D:3      | Reached XP level 5. HP: 35/35 MP: 9/9
  2251 | D:3      | Learned a level 1 spell: Apportation
  2253 | D:3      | Learned a level 1 spell: Summon Small Mammal
  2325 | D:3      | You fall into a shaft and drop 1 floor!
  2435 | D:4      | Found a burning altar of Makhleb.
  2447 | D:4      | Reached skill level 1 in Slings
  2495 | D:4      | Reached skill level 4 in Fire Magic
  2803 | D:4      | Learned a level 1 spell: Corona
  2837 | D:4      | Reached * piety under Vehumet
  2837 | D:4      | Offered knowledge of Sandblast by Vehumet.
  2965 | D:4      | Reached XP level 6. HP: 18/41 MP: 1/11
  3059 | D:4      | Learned a level 1 spell: Sandblast
  3390 | D:4      | HP: 1/41 [killer bee (3)]
  3390 | D:4      | Slain by an orc

Illustrated notes

Levels and vault maps discovered:
D:1:      lightli_arrival_maybe_door_vault, layout_basic,
          shapermc_ecumenical_altar_acropolis
D:2:      layout_basic, corexii_item_surrounded_by_moat
D:3:      wad_crossroads, layout_basic, vehumet_altar_wand_db, serial_shops,
          nicolae_shop_statue_plus
D:4:      layout_basic, mainiacjoe_overflow_24_doors, serial_curves,
          eino_curves_01, eino_curves_02, eino_curves_02, nrook_uturn,
          minmay_manual_mail

Skill      XL: |  1  2  3  4  5 |
---------------+----------------+-----
Slings         | 2 |  2.9
Spellcasting   | 3 |  3.4
Fire Magic     | 4 |  4.0
Fighting       | |  0.2
Dodging        | |  2.2
Stealth        | |  2.4
Conjurations   | |  1.7

Action                   |  1- 3 |  4- 6 || total
-------------------------+-------+-------++-------
 Fire: Hunting sling     |    14 |    39 ||    53
 Cast: Foxfire           |    52 |    35 ||    87
       Summon Small Mamm |       |    20 ||    20
       Sandblast         |       |     7 ||     7
Evoke: Wand              |       |     2 ||     2
  Use: Scroll            |     1 |     6 ||     7
       Potion            |       |     1 ||     1
Armor: Robe              |     9 |    11 ||    20
Dodge: Dodged            |    18 |    57 ||    75
